[Event "*** Titled Tuesday Blitz"]
[Site "Chess.com"]
[Date "2018.06.05"]
[Round "7"]
[White "Matibar"]
[Black "Firouzja2003"]
[Result "1-0"]
[WhiteElo "2747"]
[BlackElo "2922"]
[TimeControl "180+2"]
[EndTime "14:43:28 PDT"]
[Termination "Matibar won by resignation"]

1. e4 c5 2. Nf3 d6 3. Bb5+ Nd7 4. Ba4 Nf6 5. O-O e6 6. Re1 Be7 7.
c3 O-O 8. d4 e5 9. Bc2 Re8 10. a4 Bf8 11. d5 Be7 12. a5 Nf8 13.
h3 Ng6 14. c4 h6 15. Nc3 Nh7 16. Ne2 Ng5 17. Nh2 Nh4 18. Ra3 Rf8 19. Ng3 g6 20.
Ng4 h5 21. Ne3 Nh7 22. Rf1 Bg5 23. Bd2 Bf4 24. Ne2 Ng5 25. Kh1 Qf6 26. Ng1 Qe7 27. b4 cxb4 28. Bxb4 Bd7 29. g3 Nxh3 30. Nxh3 Bxh3 31. gxf4 exf4 32. Rg1 fxe3 33. Rxe3 Bg4 34. Rxg4 hxg4 35. Qxg4 Qf6 36. Kg1 g5 37. Bc3 Qh6 38. e5 Rae8 39. exd6 Rxe3 40. fxe3 Qxd6 41. Qxg5+ Ng6 42.
Kg2 Re8 43. Bd4 b6 44. axb6 axb6 45. Qh6 Qf8 46. Qh5 Qd6 47. Bf5 Ra8 48. Kf3 Rf8 49.
Qg5 Qe7 50. Qh5 Qd6 51. Ke2 Qg3 52. Bxg6 fxg6 53. Qh8+ Kf7 54. Qf6+ Ke8 55. Qe6+ Kd8 56. Bxb6+ 1-0

[Event "*** Titled Tuesday Blitz"]
[Site "Chess.com"]
[Date "2018.06.05"]
[Round "7"]
[White "BartoszSocko"]
[Black "nihalsarin"]
[Result "1/2-1/2"]
[WhiteElo "2636"]
[BlackElo "2752"]
[TimeControl "180+2"]
[EndTime "14:43:28 PDT"]
[Termination "Game drawn by stalemate"]

1. e4 c6 2. d4 d5 3. exd5 cxd5 4. Bd3 Nc6 5. c3 Nf6 6. h3 e5 7. dxe5 Nxe5 8. Qe2 Qe7 9. Bb5+ Bd7 10. Be3 a6 11. Bxd7+ Nexd7 12. Nf3 g6 13. O-O Bg7 14. Re1 O-O 15. Nbd2 Rfe8 16. Qd3 Nc5 17. Bxc5 Qxc5 18.
Nb3 Qb6 19. Qd4 Qxd4 20. Nfxd4 Ne4 21. f3 Nd6 22. Nc5 Bxd4+ 23. cxd4 Nf5 24. b3 Nxd4 25. Rxe8+ Rxe8 26. Rd1 Nf5 27. Nxb7 Re2 28. a4 Ne3 29. Rd3 Rxg2+ 30. Kh1 Re2 31. Nc5 Nc2 32. Nxa6 Ne1 33. Rc3 d4 34. Rc8+ Kg7 35. Kg1 d3 36. Rd8 Nxf3+ 37. Kf1 Nh2+ 38. Kg1 d2 39. Nc5 Nf3+ 40. Kf1 Re1+ 41. Kf2 d1=Q 42. Rxd1 Rxd1 43. Kxf3 Rc1 44. b4 Rc3+ 45. Ke2 Rxh3 46. b5 Rc3 47. Nd3 Rb3 48.
Kd2 Ra3 49. b6 Rb3 50. a5 Rb5 51. Kc3 Rxa5 52. Kc4 Ra6 53. Kc5 Rxb6 54. Kxb6 h5 55. Kc5 h4 56. Kd4 Kf6 57. Ke4 g5 58. Kf3 Kf5 59.
Nf2 f6 60. Ng4 Kg6 61. Kg2 f5 62. Ne5+ Kf6 63. Nf3 h3+ 64. Kxh3 g4+ 65. Kg3 gxf3 66. Kxf3 Kg5 67. Kg3 f4+ 68. Kf3 Kf5 69. Kf2 Ke4 70. Ke2 f3+ 71. Kf2 Kf4 72. Kf1 Kg3 73. Kg1 f2+ 74. Kf1 Kf3 1/2-1/2

[Event "*** Titled Tuesday Blitz"]
[Site "Chess.com"]
[Date "2018.06.05"]
[Round "7"]
[White "BlackBoarder"]
[Black "LuisFSiles"]
[Result "1-0"]
[WhiteElo "2269"]
[BlackElo "2134"]
[TimeControl "180+2"]
[EndTime "14:43:35 PDT"]
[Termination "BlackBoarder won by checkmate"]

1. e4 e5 2. Nf3 Nc6 3. d4 exd4 4. Bc4 Nf6 5. O-O Nxe4 6. Re1 d5 7. Bxd5 Qxd5 8.
Nc3 Qh5 9. Nxe4 Be6 10. Bg5 Bd6 11. Nxd6+ cxd6 12. Bf4 Kd7 13. Nxd4 Qd5 14. Nxe6 fxe6 15. Qxd5 exd5 16. Rad1 d4 17. c3 Rae8 18. Rxe8 Rxe8 19. cxd4 Nxd4 20. Kf1 Re4 21. Be3 Nc6 22. Ke2 Ke6 23. Kf3 d5 24. b3 Ne5+ 25. Ke2 Nc6 26. f3 Rh4 27. h3 d4 28. Bf2 Rf4 29. g3 Rf5 30.
Bxd4 g6 31. Be3 Ra5 32. a4 b5 33. axb5 Rxb5 34. Rd3 Na5 35. Bxa7 Rxb3 36. Rd2 Nc4 37. Rc2 Rb2 38. Rxb2 Nxb2 39. Ke3 Nc4+ 40. Kf4 Nd6 41. g4 Nf7 42. h4 h6 43. Be3 Ne5 44. Ke4 Nf7 45.
f4 Nd6+ 46. Kf3 h5 47. Bd4 Nf7 48. Bg7 Nd6 49. f5+ gxf5 50. gxh5 Kf7 51. h6 Kg6 52. Kf4 Nf7 53. h5+ Kh7 54. Kxf5 Nxh6+ 55. Kg5 Ng8 56. Bf8 Kh8 57. Kg6 Nh6 58. Bxh6 Kg8 59. Bg5 Kh8 60.
h6 Kg8 61. h7+ Kh8 62. Bf6# 1-0

[Event "*** Titled Tuesday Blitz"]
[Site "Chess.com"]
[Date "2018.06.05"]
[Round "7"]
[White "11kevin"]
[Black "Galileo22"]
[Result "1/2-1/2"]
[WhiteElo "2248"]
[BlackElo "2349"]
[TimeControl "180+2"]
[EndTime "14:43:37 PDT"]
[Termination "Game drawn by stalemate"]

1. d4 Nf6 2. c4 e6 3. Nc3 d5 4.
Nf3 c5 5. cxd5 Nxd5 6. e4 Nxc3 7. bxc3 cxd4 8. cxd4 Bb4+ 9. Bd2 Bxd2+ 10. Qxd2 O-O 11. Bd3 b6 12. O-O Bb7 13. Rfe1 Nd7 14. Qe2 Nf6 15. Red1 Qe7 16. Ne5 Rfd8 17. Qe3 Rac8 18. Rac1 h6 19. h3 Qf8 20. Bb1 Rxc1 21. Rxc1 Rc8 22. f3 Rxc1+ 23. Qxc1 Qd8 24. Qc3 Ne8 25. Bc2 Qc7 26. Qxc7 Nxc7 27. Kf2 f6 28. Nd3 Kf7 29. Ke3 Ke7 30. h4 a5 31. Nb2 b5 32. Nd3 b4 33. Ba4 Ba6 34.
Nc5 Bc4 35. Bb3 Bb5 36. d5 e5 37. f4 exf4+ 38. Kxf4 Ne8 39. Ba4 Bxa4 40. Nxa4 g5+ 41. hxg5 hxg5+ 42. Ke3 Kd6 43. Kd4 Nc7 44. Nb6 Nb5+ 45.
Kd3 Nc3 46. Nc4+ Kc5 47. a3 Nxe4 48. Nxa5 Nd6 49. axb4+ Kxb4 50. Nc6+ Kc5 51. Ne7 f5 52. Kc3 Ne4+ 53. Kd3 Ng3 54. Ke3 Kd6 55. Ng6 Kxd5 56. Kf3 Ne4 57. g4 fxg4+ 58. Kxg4 Ke6 59. Nf8+ Kf7 60. Nh7 Nf6+ 61. Nxf6 Kxf6 62. Kg3 Kf5 63. Kf3 g4+ 64. Kg3 Kg5 65. Kg2 Kh4 66. Kh2 Kh5 67.
Kg3 Kg5 68. Kh2 Kf5 69. Kg2 Kf4 70. Kf2 Ke4 71. Kg3 Kf5 72. Kf2 Kf4 73. Kg2 g3 74.
Kg1 Kg5 75. Kg2 Kh4 76. Kg1 Kg4 77. Kg2 Kh4 78. Kg1 Kg5 79. Kg2 Kg4 80. Kg1 Kh3 81.
Kh1 Kg4 82. Kg2 Kf4 83. Kg1 Ke3 84. Kg2 Kf4 85. Kg1 Kf3 86. Kf1 Kg4 87. Kg2 Kh4 88.
Kg1 Kh3 89. Kh1 g2+ 90. Kg1 Kg3 1/2-1/2

[Event "*** Titled Tuesday Blitz"]
[Site "Chess.com"]
[Date "2018.06.05"]
[Round "7"]
[White "Vamostodorecto"]
[Black "aqmarkin"]
[Result "1/2-1/2"]
[WhiteElo "2338"]
[BlackElo "2213"]
[TimeControl "180+2"]
[EndTime "14:43:37 PDT"]
[Termination "Game drawn by stalemate"]

1. d4 d5 2. c4 c6 3. Nc3 Nf6 4. Nf3 e6 5. e3 Nbd7 6. Bd3 dxc4 7. Bxc4 b5 8. Be2 Bb7 9. O-O Be7 10. e4 b4 11. e5 bxc3 12. exf6 Bxf6 13. bxc3 O-O 14. Rb1 Nb6 15. a4 Qc7 16. a5 Nd5 17. Qc2 Rab8 18.
a6 Ba8 19. Ba3 Rfd8 20. Bd3 g6 21. h4 Be7 22. Rxb8 Rxb8 23. Bc1 c5 24. h5 cxd4 25.
hxg6 hxg6 26. Bxg6 Bf6 27. Bh7+ Kf8 28. Bh6+ Ke8 29.
cxd4 Ke7 30. Bg5 Qxc2 31. Bxc2 Bxg5 32. Nxg5 Rg8 33. Ne4 f5 34. Ng3 Nf4 35. Re1 Nxg2 36. Re5 Nh4 37. Bb3 Nf3+ 38. Kf1 Nxe5 39. dxe5 Bc6 40.
Nxf5+ Kd7 41. Nd4 Bd5 42. Bxd5 exd5 43. f4 Rg4 44. Ne2 Rg6 45. Kf2 Rxa6 46. Ke3 Ra3+ 47. Kd4 Ra2 48. Nc3 Rf2 49. Nxd5 a5 50. Ke4 a4 51. Nb6+ Ke7 52. Nxa4 Rc2 53. Nb6 Ke6 54. f5+ Ke7 55. Nd5+ Kd7 56. f6 Ke6 57. Nf4+ Kf7 58.
Kf5 Rc5 59. Ne6 Ra5 60. Ng5+ Kf8 61. Ke6 Ra6+ 62. Kf5 Ra5 63. Nf3 Kf7 64. Ng5+ Kf8 65. Ne4 Ra1 66. Ke6 Ra6+ 67. Nd6 Ra5 68. f7 Ra1 69.
Kf6 Rf1+ 70. Nf5 Rxf5+ 71. Kxf5 Kxf7 72. e6+ Ke7 73. Ke5 Ke8 74. Kf6 Kf8 75. e7+ Ke8 76.
Ke6 1/2-1/2

[Event "*** Titled Tuesday Blitz"]
[Site "Chess.com"]
[Date "2018.06.05"]
[Round "7"]
[White "VerdeNotte"]
[Black "olksuna"]
[Result "1/2-1/2"]
[WhiteElo "2617"]
[BlackElo "2421"]
[TimeControl "180+2"]
[EndTime "14:43:49 PDT"]
[Termination "Game drawn by agreement"]

1. e4 d6 2. d4 Nf6 3. Nc3 e5 4. Nf3 Nbd7 5. g4 g6 6. g5 Nh5 7. dxe5 dxe5 8. Bc4 Bg7 9. Qe2 O-O 10.
h4 c6 11. Be3 b5 12. Bb3 a5 13. a4 b4 14. Nb1 Qe7 15. Nbd2 Nc5 16. Bc4 Ne6 17.
O-O-O Nhf4 18. Qf1 c5 19. Bd5 Ba6 20. Nc4 Nxd5 21.
Rxd5 Bb7 22. Nfxe5 Bxd5 23. exd5 Nd4 24. Bxd4 cxd4 25.
f4 Rfc8 26. b3 Rxc4 27. Qxc4 Bxe5 28. fxe5 Qxe5 29. Rd1 Qf4+ 30. Kb1 Qxh4 31. d6 Qxg5 32. d7 Rd8 33. Rxd4 Qe7 34. Qc7 h5 35. Qxa5 h4 36. Qxb4 Qxb4 37. Rxb4 g5 38. Rd4 f5 39. Rd5 Kg7 40.
Rxf5 Kg6 41. Rd5 h3 42. a5 g4 43. a6 h2 44. Rd1 Rxd7 45. Rxd7 h1=Q+ 46. Kb2 Qc6 47. a7 g3 48. Rd6+ Qxd6 49. a8=Q Qd4+ 50.
Ka2 Qf2 51. Qe4+ Kg5 52. Qe5+ Kg4 53. Qg7+ Kf3 54. Qb7+ Ke2 55. Qe4+ Kf1 56. Qh1+ Ke2 57. Qe4+ Qe3 58. Qg2+ Ke1 59. b4 Qf2 60. Qe4+ Kd1 61. Qd3+ Kc1 62. b5 Qxc2+ 63. Qxc2+ Kxc2 64. b6 g2 65. b7 g1=Q 66. b8=Q Qe3 67. Qb1+ Kd2 68.
Qb2+ Kd3 69. Qa3+ 1/2-1/2

[Event "*** Titled Tuesday Blitz"]
[Site "Chess.com"]
[Date "2018.06.05"]
[Round "7"]
[White "twitchTriniCupid"]
[Black "ama18"]
[Result "1/2-1/2"]
[WhiteElo "2241"]
[BlackElo "2238"]
[TimeControl "180+2"]
[EndTime "14:43:57 PDT"]
[Termination "Game drawn - insufficient material"]

1. d4 e6 2. Nf3 Nf6 3. c4 Bb4+ 4. Bd2 a5 5. Nc3 b6 6. Rc1 Bb7 7. e3 O-O 8. Bd3 Bxc3 9. Rxc3 Ne4 10. Rc1 f5 11.
O-O Rf6 12. Ne1 Rh6 13. g3 Ng5 14. f3 Rh3 15. Qe2 Qf6 16. Qg2 d6 17. e4 Rh5 18.
h4 Nf7 19. Bc3 g5 20. e5 dxe5 21. dxe5 Qe7 22. g4 fxg4 23. Qxg4 Rxh4 24. Qg3 Nd7 25. Ng2 Rh6 26. Rce1 Qc5+ 27. Qf2 Qxf2+ 28. Kxf2 Nc5 29.
Bc2 Rd8 30. Rd1 Rxd1 31. Rxd1 Kf8 32. Kg3 Ke7 33. Ne3 Nd7 34. Ng4 Rh5 35. a3 Rh4 36. b4 axb4 37. axb4 h5 38. Ne3 Ndxe5 39. c5 Nxf3 40.
cxb6 cxb6 41. Ra1 N3e5 42. Ra7 Nd6 43. Bxe5 Rxb4 44. Bxd6+ Kxd6 45. Rxb7 h4+ 46. Kf3 Ke5 47. Rg7 Rf4+ 48. Ke2 h3 49. Rxg5+ Kd4 50. Rh5 b5 51. Rxh3 b4 52. Rh5 e5 53. Rh7 Rf6 54. Rb7 Kc3 55. Nd5+ Kxc2 56. Nxf6 b3 57. Nd5 b2 58. Nc3 Kxc3 59.
Kd1 e4 60. Rc7+ Kb3 61. Rb7+ Kc3 62. Rc7+ Kb3 63. Rb7+ Kc3 64. Ke2 Kc2 65. Rc7+ Kb3 66. Rb7+ Kc2 67. Rc7+ Kb3 68. Ke3 b1=Q 69. Rb7+ Kc2 70.
Rxb1 Kxb1 71. Kxe4 1/2-1/2

[Event "*** Titled Tuesday Blitz"]
[Site "Chess.com"]
[Date "2018.06.05"]
[Round "7"]
[White "Flawless2018"]
[Black "nabukatnezarr"]
[Result "1-0"]
[WhiteElo "2491"]
[BlackElo "2327"]
[TimeControl "180+2"]
[EndTime "14:44:09 PDT"]
[Termination "Flawless2018 won by resignation"]

1. e4 c6 2. d4 d5 3. Nc3 dxe4 4. Nxe4 Bf5 5. Ng3 Bg6 6. h4 h6 7. Nf3 Nd7 8. h5 Bh7 9. Bd3 Bxd3 10. Qxd3 e6 11. Bd2 Ngf6 12. O-O-O Bd6 13. Kb1 Bc7 14. Ne4 Nxe4 15. Qxe4 Nf6 16. Qe2 Qd5 17. c4 Qe4+ 18. Qxe4 Nxe4 19. Be3 b5 20. cxb5 cxb5 21. d5 exd5 22.
Rxd5 a6 23. Ne5 Nf6 24. Rc5 Bd6 25. Rd1 Bxc5 26. Bxc5 Ne4 27. Ba3 Ng5 28. f4 Ne4 29. Rd7 f6 30. Re7+ Kf8 31. Ng6+ Kg8 32. Nxh8 Nd2+ 33.
Kc1 Nc4 34. Ng6 Rc8 35. Kd1 a5 36. Ra7 Rd8+ 37. Ke2 b4 38. Bxb4 axb4 39. b3 Nd6 40. Kf3 Rb8 41. g4 Nb5 42. Ra4 Nc3 43. Ra7 Rd8 44. g5 hxg5 45. fxg5 fxg5 46. Kg4 Ne4 47.
Ne7+ Kh7 48. Nf5 Nf2+ 49. Kxg5 Rd5 50. Rxg7+ Kh8 51. Rb7 Ne4+ 52. Kg6 Rd8 53. h6 Rg8+ 54. Kf7 Rg5 55. Rb8+ Kh7 56. Rb5 Rh5 57. Ke6 Ng3 58. Rb7+ Kh8 59. Nxg3 Rg5 60. Nf5 Rg6+ 61. Ke5 Rg5 62.
Rxb4 Rg6 63. a4 Ra6 64. Rb7 Ra5+ 65. Ke6 Ra6+ 66. Kf7 Ra5 67. Rb5 Ra6 68. b4 Rxa4 69.
Rb7 Ra1 70. b5 Rf1 71. Kf6 Rc1 72. b6 Rc6+ 73. Kg5 Rc5 74. Rc7 Rb5 75. b7 Rb6 76.
Rc8+ Kh7 77. Rc7+ Kh8 78. Ne7 Rb5+ 79. Kf6 Rxb7 80. Rxb7 1-0

[Event "*** Titled Tuesday Blitz"]
[Site "Chess.com"]
[Date "2018.06.05"]
[Round "7"]
[White "wonderfultime"]
[Black "kuli4ik"]
[Result "0-1"]
[WhiteElo "2848"]
[BlackElo "2720"]
[TimeControl "180+2"]
[EndTime "14:44:46 PDT"]
[Termination "kuli4ik won by resignation"]

1. d4 d5 2. Nf3 Nf6 3. Bf4 Bf5 4.
c4 c6 5. e3 e6 6. Nc3 Be7 7. Qb3 Qc8 8. h3 O-O 9. Be2 Nbd7 10.
O-O Nb6 11. Nd2 Rd8 12. Rac1 dxc4 13. Nxc4 Nxc4 14. Qxc4 Ne4 15. Rfd1 Qd7 16. Bf3 Ng5 17. Bxg5 Bxg5 18. Qb3 Bg6 19. Na4 Be7 20. Nc5 Bxc5 21. Rxc5 Qe7 22. Rdc1 Rd7 23. a4 Rad8 24. a5 a6 25. R1c4 f6 26. Rc3 Bf7 27. Qa3 Kf8 28. Bg4 Rd5 29. Bf3 R5d7 30. Bg4 Rd5 31. Qb4 Rxc5 32.
Rxc5 Rd5 33. Rc4 Qxb4 34. Rxb4 Rd7 35. Kf1 Ke7 36. Ke2 Kd8 37. Rb6 Kc7 38. Rb4 Rd5 39.
Ra4 e5 40. dxe5 Rxe5 41. Kd2 Rb5 42. Kc3 Rc5+ 43. Kd2 Bb3 44. Rd4 f5 45. Be2 Rxa5 46. g4 fxg4 47. Rxg4 g6 48. Rh4 Bg8 49. Bd3 Rd5 50. Kc3 Rd7 51. Rg4 Be6 52. Rg3 b5 53. e4 a5 54. f4 Rf7 55. Rf3 Kd6 56. h4 Kc5 57. f5 gxf5 58. exf5 b4+ 59. Kc2 Bd5 60.
Rf4 Rf6 61. b3 Kd6 62. Rf1 Ke5 63. h5 Bf7 64. Re1+ Kd6 65. Rh1 Bd5 66. Ra1 Rh6 67.
Be2 Be4+ 68. Kd2 Bxf5 69. Rxa5 Be6 70. Kc2 Rf6 71. Ra7 Rf2 72. Kd3 Bxb3 73. Ke3 Rf7 74.
Ra8 Bd5 75. Rb8 b3 76. Bd3 Kc5 77. h6 Rf6 78. Bxh7 Rxh6 79. Bd3 Rh2 80. Bg6 Kc4 81. Kf4 c5 82. Ke5 Re2+ 83. Kf4 Kd4 84. Rd8 c4 85. Bf7 Rf2+ 0-1

[Event "*** Titled Tuesday Blitz"]
[Site "Chess.com"]
[Date "2018.06.05"]
[Round "7"]
[White "Shaman91"]
[Black "SCIM"]
[Result "0-1"]
[WhiteElo "2554"]
[BlackElo "2420"]
[TimeControl "180+2"]
[EndTime "14:44:53 PDT"]
[Termination "SCIM won by resignation"]

1. e4 e5 2. Bc4 Nf6 3. d3 Bc5 4. Nf3 d6 5. O-O Nc6 6. c3 a6 7. a4 Ba7 8. Re1 h6 9. Nbd2 Be6 10. Bxe6 fxe6 11. b4 O-O 12. Nc4 b5 13. Ne3 Qd7 14. Bd2 d5 15. Nc2 Rad8 16. axb5 axb5 17. Be3 Bxe3 18.
Nxe3 dxe4 19. dxe4 Qxd1 20. Nxd1 Rd6 21. Nb2 Rfd8 22.
g3 g5 23. h3 Kg7 24. Kg2 Nd7 25. Re3 Nb6 26. Ra6 Kf6 27. Kf1 h5 28. Ne1 Rd2 29. Re2 Nb8 30. Ra7 Rxe2 31. Kxe2 Rd7 32. Ned3 Nc6 33.
Ra1 Rd6 34. Rh1 Rd7 35. Ra1 Rd6 36. Nc5 Rd8 37. Rh1 Rd6 38. h4 g4 39. Nbd3 Nc4 40.
f3 gxf3+ 41. Kxf3 Nd2+ 42. Ke3 Nc4+ 43. Ke2 Rd8 44. Rf1+ Kg6 45. Ra1 Kf6 46. Ra6 Rd6 47.
Nb7 Nd4+ 48. cxd4 Rxa6 49. dxe5+ Nxe5 50. Nf4 Ra2+ 51. Ke3 Ra3+ 52. Kf2 Ng4+ 53. Kg2 Ra2+ 54. Kg1 Ke5 55. Nc5 Ra1+ 56. Kg2 Ra2+ 57. Kg1 Ne3 58. Ncxe6 Kxe4 59. Ng5+ Kf5 60. Nxh5 Rg2+ 61. Kh1 Rb2 62. Nf4 Rxb4 63. Kh2 Rb2+ 64. Kh3 b4 65. Nf3 c5 66. Nd3 Rc2 67. Nfe1 Rc3 68. h5 b3 69. Kh4 Ng2+ 70. Nxg2 Rxd3 71. g4+ Ke6 72. Nf4+ Kd6 73. Nxd3 c4 74. Nb2 c3 75. Nd3 b2 76. h6 b1=Q 77. Nf4 Qh1+ 78. Kg5 c2 79. Nh5 c1=Q+ 80. Kg6 Qc2+ 81. Kg5 Qc3 82. Nf4 Qe5+ 0-1

[Event "*** Titled Tuesday Blitz"]
[Site "Chess.com"]
[Date "2018.06.05"]
[Round "7"]
[White "CarlssonLudvig"]
[Black "MateusViageiro"]
[Result "0-1"]
[WhiteElo "2075"]
[BlackElo "2184"]
[TimeControl "180+2"]
[EndTime "14:45:05 PDT"]
[Termination "MateusViageiro won by resignation"]

1. e4 c5 2. Nf3 d6 3. Bb5+ Nd7 4. O-O a6 5. Bd3 e5 6. c3 b5 7. Bc2 c4 8. a4 Bb7 9. axb5 axb5 10. Rxa8 Qxa8 11.
Na3 Bc6 12. d3 cxd3 13. Bxd3 Qb7 14. Qe2 b4 15. cxb4 Qxb4 16. Nc4 Be7 17. Bd2 Qb8 18. Na5 Ba8 19. Bb5 Nf6 20. Nc6 Bxc6 21. Bxc6 Qxb2 22. Qd3 O-O 23. Rb1 Qa2 24. Be3 Rc8 25.
Rc1 Nb8 26. Bb5 Rxc1+ 27. Bxc1 Qa1 28. Qc2 Nbd7 29. Bxd7 Nxd7 30. g3 Nf8 31. Kg2 h6 32.
Be3 Qa6 33. Nd2 Ne6 34. f3 Qb7 35. Nc4 Qc6 36. Qb3 Kh7 37. Nd2 Bd8 38. Qd3 Ba5 39. Nc4 Bc7 40. Bf2 Nc5 41. Bxc5 Qxc5 42. h4 Qc6 43. Ne3 Bd8 44. Nf5 Bc7 45. h5 Qd7 46. Qd2 Qe6 47. g4 Bb8 48. Ne3 Ba7 49. Nf5 Bc5 50. Qc1 Qa2+ 51. Kg3 Qf2+ 52. Kh3 Qxf3+ 53. Kh2 Qxg4 54. Qf1 Qxh5+ 55. Kg3 Qg5+ 56. Kh3 Qf4 57. Qg2 Qg5 58. Qf1 h5 59. Ng3 Qg4+ 60. Kg2 h4 61.
Qf5+ Qxf5 62. Nxf5 g5 63. Kh3 Kg6 64. Kg4 Kf6 65. Nh6 Ke6 66. Nf5 f6 67. Ng7+ Kd7 68. Nf5 Kc6 69. Ne7+ Kb5 70. Nd5 Kc4 71. Nxf6 Be3 72. Ne8 d5 73. Nd6+ Kc5 74. Nf7 Bf4 75.
exd5 Kxd5 76. Nh8 e4 77. Ng6 e3 78. Kf3 h3 79. Ne7+ Kd4 80. Nf5+ Kd3 81. Nxe3 h2 82. Kg2 Kxe3 83. Kh1 Ke4 84. Kg2 Kf5 85. Kh1 Kg4 86. Kg2 Bd6 87. Kh1 Bf8 88. Kg2 Kf4 89. Kh1 Ke3 90.
Kg2 Ke2 91. Kh1 Kf2 92. Kxh2 g4 93. Kh1 Be7 94. Kh2 g3+ 95. Kh3 g2 96. Kg4 g1=Q+ 97. Kf5 Qg5+ 98. Ke6 Qf6+ 99. Kd5 Qd6+ 100. Ke4 Qe6+ 101. Kd4 Bf6+ 102. Kc5 Qe5+ 103. Kc6 Bh4 104. Kb6 Qc3 105. Kb5 Ke3 106. Kb6 Kd4 107. Kb5 Qc5+ 108. Ka4 Qb6 109.
Ka3 Kc4 110. Ka2 Kc3 0-1

[Event "*** Titled Tuesday Blitz"]
[Site "Chess.com"]
[Date "2018.06.05"]
[Round "7"]
[White "Angulo07"]
[Black "kleinebeer98"]
[Result "0-1"]
[WhiteElo "2411"]
[BlackElo "2489"]
[TimeControl "180+2"]
[EndTime "14:45:24 PDT"]
[Termination "kleinebeer98 won by checkmate"]

1. d4 Nf6 2. Bg5 c6 3. Nd2 d5 4. Ngf3 Nbd7 5. b3 g6 6. e3 Bg7 7. Bd3 O-O 8. O-O a5 9. h3 a4 10. c4 Qa5 11. cxd5 cxd5 12. Rc1 b5 13. bxa4 bxa4 14. Qe2 h6 15. Bf4 Ba6 16. Rc6 Bxd3 17. Qxd3 Rfc8 18. Rfc1 Rxc6 19. Rxc6 Qb4 20. Qc2 Kh7 21.
Rc7 a3 22. Nb3 Nf8 23. Qc5 Qxb3 24. axb3 a2 25. Ra7 a1=R+ 26. Rxa1 Rxa1+ 27. Kh2 e6 28. b4 Ne4 29. Qc2 Nd7 30. b5 Nb6 31. Bc7 Nc4 32. b6 Rf1 33. b7 Nxf2 34. Qxf2 Rxf2 35. b8=Q Nxe3 36. Qb3 Rxg2+ 37. Kh1 Re2 38. Ng1 Re1 39. Bg3 Rxg1+ 40. Kxg1 Nf5 41. Be5 Nxd4 42. Bxd4 Bxd4+ 43. Kg2 Kg7 44. Kf3 Be5 45. h4 h5 46.
Qb7 Bf6 47. Kg3 Be5+ 48. Kf3 Bf6 49. Qb4 Be5 50. Ke3 Bf6 51. Qf4 Bd8 52. Qd6 Bxh4 53. Qe5+ Bf6 54. Qc7 h4 55. Kf3 Bg5 56. Qd7 Bf6 57.
Kg4 g5 58. Qa4 Be7 59. Qa1+ Kg6 60. Qb1+ f5+ 61. Kf3 g4+ 62. Kg2 h3+ 63. Kg3 Bd6+ 64. Kh4 Be7+ 65. Kg3 Bf6 66. Qd3 Be5+ 67. Kh4 h2 68.
Qf1 d4 69. Qc1 Bf6+ 70. Kg3 Be5+ 71. Kh4 d3 72. Qg5+ Kf7 73. Qh5+ Ke7 74. Qh7+ Kd6 75. Kg5 d2 76. Qg8 h1=Q 77. Qd8+ Kc5 78. Qxd2 Qe4 79. Qc1+ Qc4 80. Qg1+ Bd4 81. Qh2 Qc1+ 82. Kg6 e5 83. Qa2 Qc4 84. Qa7+ Kd5 85. Qf7+ Kc5 86. Qxf5 Qg8+ 87.
Kh5 g3 88. Qc2+ Qc4 89. Qg6 Qe2+ 90. Kh4 g2 91. Qc2+ Qxc2 92. Kh3 Qf2 93. Kh2 g1=R+ 94. Kh3 Qg3# 0-1

[Event "*** Titled Tuesday Blitz"]
[Site "Chess.com"]
[Date "2018.06.05"]
[Round "7"]
[White "kungmongmanh"]
[Black "WPWPWP-2015"]
[Result "0-1"]
[WhiteElo "2349"]
[BlackElo "2347"]
[TimeControl "180+2"]
[EndTime "14:46:50 PDT"]
[Termination "WPWPWP-2015 won by checkmate"]

1. d4 Nf6 2. c4 e6 3. Nc3 Bb4 4. Qc2 O-O 5. Nf3 d6 6. Bg5 Nbd7 7. e4 Bxc3+ 8. bxc3 e5 9. Bd3 h6 10. Bh4 c5 11.
O-O Qc7 12. a4 Re8 13. a5 Nh5 14. Rfb1 Nf4 15. Bg3 Ng6 16. d5 Nf6 17. Nh4 Nf4 18. Nf5 Qd8 19. Qd2 N6h5 20. Ne3 Qg5 21.
Bf1 Nf6 22. Qc2 h5 23. h4 Qg6 24. Bd3 Nxd3 25. Qxd3 Qxe4 26. Qd1 Qg6 27. Nf1 Ne4 28. Qe1 Re7 29. Rb2 Bf5 30. Ne3 Nxg3 31. fxg3 Bd3 32.
Rf2 f5 33. Rd2 Be4 34. Nf1 Rf8 35. Raa2 f4 36. Kh2 f3 37. gxf3 Rxf3 38. Rf2 Qg4 39. Rfe2 Bf5 40. Rf2 Qh3+ 41. Kg1 Rxf2 42. Rxf2 Rf7 43.
Qe3 Qg4 44. Nh2 Qxc4 45. Nf1 Qxd5 46. Qg5 Bh3 47. Rxf7 Qxf7 48. Ne3 Be6 49. c4 Qf6 50. Qxh5 Bf7 51. Qe2 e4 52. Qg4 Qe5 53. Qc8+ Kh7 54. Kf2 Qf6+ 55. Kg1 Qf3 56. Qf5+ Qxf5 57. Nxf5 Bxc4 58.
Nxd6 Bd5 59. Kf2 Kg6 60. Ke3 Kf6 61. Nc8 a6 62. Nb6 Bc6 63. g4 Ke5 64. Nc4+ Kd5 65. Nb6+ Ke5 66. Nc4+ Ke6 67. Nb6 Kf6 68. Kf4 Ke6 69. Ke3 Kd6 70. Nc4+ Ke7 71. Nb6 Bd7 72. Kxe4 Bxg4 73. Ke5 Be6 74. Na8 c4 75. Kd4 Kd6 76.
Nb6 Kc6 77. Na4 Kb5 78. Nc5 Bc8 79. Ne4 Kxa5 80. Nd6 Be6 81. Nxb7+ Kb4 82. Nc5 Bc8 83. Ne4 a5 84. Nd6 Be6 85. Ne4 a4 86. Nc5 Bf7 87.
Na6+ Kb3 88. Nc5+ Kb4 89. Na6+ Kb5 90. Nc7+ Kc6 91. Na6 a3 92. Kc3 Kb5 93. Nb4 Be6 94. Nc2 Ka4 95. Nd4 Bd5 96. Nc2 Bg8 97. Ne3 Kb5 98.
Nf5 a2 99. Kb2 c3+ 100. Ka1 Kb4 101. Nd4 Kc4 102. Nc2 Kd3 103. Nb4+ Kd2 104. h5 Bf7 105. h6 gxh6 106. Nc2 h5 107. Nd4 Bd5 108. Nb3+ Kc2 109. Nd4+ Kd3 110. Nf5 c2 111. Kb2 c1=Q+ 112. Kxc1 a1=Q# 0-1

[Event "*** Titled Tuesday Blitz"]
[Site "Chess.com"]
[Date "2018.06.05"]
[Round "7"]
[White "Muguet7"]
[Black "Usurpov"]
[Result "1-0"]
[WhiteElo "2338"]
[BlackElo "2413"]
[TimeControl "180+2"]
[EndTime "14:47:36 PDT"]
[Termination "Muguet7 won by resignation"]

1. d4 Nf6 2. c4 g6 3. Nf3 Bg7 4. g3 O-O 5. Bg2 c6 6. O-O d5 7. Qb3 a5 8. cxd5 a4 9. Qd1 cxd5 10. Nc3 a3 11. bxa3 Nc6 12. Bb2 Bf5 13. Ne5 Na5 14.
Rc1 Qb6 15. Na4 Qd6 16. Nc5 b6 17. Nb3 Rfc8 18. Qd2 Ne4 19. Bxe4 Bxe4 20. f3 Bf5 21. Nxa5 bxa5 22. Rxc8+ Bxc8 23. Rc1 Bb7 24. Qd3 Qb6 25. Qb3 Qa6 26. Rc7 Bc8 27. Qxd5 Be6 28. Qc6 Qxe2 29. Qxa8+ Bf8 30. Qe4 Qxb2 31. d5 Bf5 32. Qe1 Qb6+ 33.
Kg2 Qxc7 34. g4 Bc8 35. Nc6 Bb7 36. Qxa5 Qxa5 37. Nxa5 Bxd5 38. Nb3 e6 39. a4 Bb4 40. Kf2 Bc6 41. a5 Bd5 42. a6 Bc4 43. a7 Bd5 44.
Ke3 Kf8 45. Kd4 Ke7 46. a3 Bxa3 47. Na5 Kd7 48. Nc4 Kc7 49. Nxa3 Bxf3 50. g5 Kb7 51. Nb5 Be2 52. Nd6+ Kxa7 53. Nxf7 Kb7 54. Ke5 Bg4 55. Nd8+ Kc7 56. Nxe6+ Kd7 57. Nf8+ Ke7 58. Nxh7 Bh3 59.
Nf6 Bc8 60. Nd5+ Kf7 61. Nf4 Bf5 62. h4 Bc8 63. Nd5 Bh3 64. Nf6 Bc8 65. Ne4 Bh3 66. Nd6+ Ke7 67. Ne4 Kf7 68. Nf2 Bd7 69. Nd3 Bc8 70.
Kd6 Bh3 71. Ne5+ Kg7 72. Ke7 Bf5 73. Nd7 Bh3 74. Nf6 Bf5 75. Ne8+ Kh7 76. Kf6 Bc2 77. Nd6 Bb1 78. Nf7 Bc2 79. Nd8 Bb1 80. Ne6 Kg8 81. Nf4 Kh7 82. Kf7 Bc2 83. Kf8 Bb3 84.
Nd3 Ba2 85. Ne5 Bb3 86. Ng4 Ba2 87. Nf6+ Kh8 88. h5 Bb1 89. h6 Ba2 90. Ng4 Bb1 91.
Ne5 Kh7 92. Kf7 Ba2+ 93. Kf6 Bb1 94. Nd7 Ba2 95. Nf8+ Kg8 96. Nxg6 Bb1 97. Ne7+ Kh7 98. Nd5 Bc2 99. Ne3 Bb1 100. Ng4 Bc2 101. Ne5 Bb1 102. Nc4 Bc2 103. Ne3 Bb1 104. Nf5 Bc2 105. g6+ Kh8 106. Kf7 Bb3+ 107. Kf8 Bg8 108. g7+ Kh7 109. Ne7 Bb3 110. g8=Q+ Bxg8 111.
Nxg8 Kg6 112. Ke8 Kh7 113. Kf7 Kh8 114. Ne7 Kh7 115. Nf5 Kh8 116. Kg6 Kg8 117. Nd4 Kh8 118. Ne6 Kg8 119. Nd8 Kh8 120. Kh5 Kh7 121. Kg5 Kg8 122. Kg6 Kh8 123. Nc6 Kg8 124. Nd4 Kh8 125. Ne6 Kg8 126. Ng5 Kh8 127. Ne4 Kg8 128. Kh5 Kh7 129. Ng5+ Kg8 130. Kg6 Kh8 131. Nf7+ Kg8 132. h7+ 1-0

[Event "*** Titled Tuesday Blitz"]
[Site "Chess.com"]
[Date "2018.06.05"]
[Round "8"]
[White "JosefineHeinemann"]
[Black "Flawless2018"]
[Result "1-0"]
[WhiteElo "2338"]
[BlackElo "2479"]
[TimeControl "180+2"]
[EndTime "14:50:00 PDT"]
[Termination "JosefineHeinemann won by resignation"]

1. e4 e5 2. Nf3 Nc6 3. Bb5 a6 4.
Ba4 d6 5. c3 f5 6. d3 Nf6 7. Nbd2 Be7 8. O-O fxe4 9. dxe4 O-O 10. Bb3+ Kh8 11. Ng5 d5 12. exd5 Nxd5 13. Nde4 Nf4 14. Qxd8 Rxd8 15. Nf7+ 1-0

[Event "*** Titled Tuesday Blitz"]
[Site "Chess.com"]
[Date "2018.06.05"]
[Round "8"]
[White "ChainsOfFantasia"]
[Black "lucasmito"]
[Result "0-1"]
[WhiteElo "2385"]
[BlackElo "2325"]
[TimeControl "180+2"]
[EndTime "14:50:49 PDT"]
[Termination "lucasmito won by checkmate"]

1. e4 e5 2. Nf3 Nc6 3. Bb5 f5 4. d3 fxe4 5. dxe4 Nf6 6. Nc3 Bb4 7. O-O Bxc3 8. bxc3 d6 9. Bg5 O-O 10. Qd3 Qe8 11.
Rab1 Kh8 12. Nd2 Nh5 13. Nc4 Qg6 14. Bh4 Nf4 15. Qe3 Qxg2# 0-1

[Event "*** Titled Tuesday Blitz"]
[Site "Chess.com"]
[Date "2018.06.05"]
[Round "8"]
[White "Ind1anStar"]
[Black "Jahonas"]
[Result "0-1"]
[WhiteElo "2365"]
[BlackElo "2258"]
[TimeControl "180+2"]
[EndTime "14:51:59 PDT"]
[Termination "Jahonas won by resignation"]

1. d4 Nf6 2. Nf3 g6 3. Bf4 d5 4. e3 Bg7 5. h3 O-O 6. Bd3 c5 7. c3 Nc6 8. Nbd2 Bf5 9. Bxf5 gxf5 10. O-O c4 11. Ne5 Nxe5 12. dxe5 Ne4 13. Nf3 e6 14. Bh2 b5 15. Nd4 Qb6 16. a3 a5 17. Qh5 b4 18. axb4 axb4 19. cxb4 Qxb4 20. Bf4 Qxb2 21. Rxa8 Rxa8 22. Bh6 Ra1 23. Rxa1 Qxa1+ 24. Kh2 Nxf2 25. Nf3 Qh1+ 26. Kg3 Ne4+ 27. Kh4 Qxg2 28. Bf4 Qf2+ 0-1